 Dungeon Crawl Stone Soup version 0.29.1-15-g9cfb28693d (webtiles) character file.

Game seed: 3136457167562550073

10 Ast3rio the Cutter (level 2, -3/29 HPs)
             Began as a Gnoll Cinder Acolyte on Mar 8, 2023.
             Was a High Priest of Ignis.
             Slain by a quokka (5 damage)
             ... on level 1 of the Dungeon.
             The game lasted 00:00:22 (459 turns).

Ast3rio the Cutter (Gnoll Cinder Acolyte)            Turns: 459, Time: 00:00:22

Health: -3/29      AC:  2    Str: 13    XL:     2   Next: 20%
Magic:  5/5        EV:  8    Int: 13    God:    Ignis [*****.]
Gold:   14         SH:  0    Dex:  7    Spells: 6/6 levels left

rFire   + . .      SeeInvis .   a - -1 short sword (flame)
rCold   . . .      Faith    .   (no shield)
rNeg    . . .      Spirit   .   b - +0 robe
rPois   .          Reflect  .   (no helmet)
rElec   .          Harm     .   (no cloak)
rCorr   .          Rampage  .   (no gloves)
Will    .....                   (no boots)
Stlth   +.........              (no amulet)
HPRegen 0.09/turn               (no ring)
MPRegen 0.09/turn               (no ring)

@: constricted
A: fangs 1, strong nose, distributed training
a: Renounce Religion, Fiery Armour, Foxfire Swarm, Rising Flame


You were on level 1 of the Dungeon.
You worshipped Ignis.
Ignis was extremely pleased with you.
You visited 1 branch of the dungeon, and saw 1 of its levels.

You collected 14 gold pieces.

Inventory:

Hand Weapons
 a - a -1 short sword of flaming (weapon)
Armour
 b - a +0 robe (worn)
Jewellery
 c - a ring of willpower


   Skills:
 + Level 6.4 Fighting
 + Level 6.4 Short Blades
 + Level 0.3 Long Blades
 + Level 0.3 Axes
 + Level 0.3 Maces & Flails
 + Level 0.3 Polearms
 + Level 0.3 Staves
 + Level 0.3 Ranged Weapons
 + Level 0.3 Throwing
 + Level 0.3 Armour
 + Level 0.3 Dodging
 + Level 0.3 Stealth
 + Level 0.3 Shields
 + Level 0.3 Unarmed Combat
 + Level 2.7 Spellcasting
 + Level 0.2 Conjurations
 + Level 0.2 Hexes
 + Level 0.2 Summonings
 + Level 0.2 Necromancy
 + Level 0.2 Translocations
 + Level 0.2 Transmutations
 + Level 5.3 Fire Magic
 + Level 0.2 Ice Magic
 + Level 0.2 Air Magic
 + Level 0.2 Earth Magic
 + Level 0.2 Poison Magic
 + Level 0.4 Invocations
 + Level 0.3 Evocations


You had 6 spell levels left.
You didn't know any spells.
Your spell library contained the following spells:

 Spells                   Type           Power      Damage    Failure   Level
 Scorch                   Fire           30%        2d7       4%          2


Dungeon Overview and Level Annotations

Branches:
Dungeon (1/15)

Altars:


Innate Abilities, Weirdness & Mutations

You have very sharp teeth.
Your uncanny sense of smell can sniff out nearby items.
Your experience applies equally to all skills.


Message History

You hit the kobold. You burn the kobold.
The kobold is severely wounded.
The kobold hits you with a +0 club.
You hit the kobold. You burn the kobold.
You kill the kobold!
A ball python comes into view.
The ball python moves out of view.
Things that are here:
a +0 club; a kobold corpse The quokka bites you.
The quokka completely misses you.
The ball python bites you but does no damage.
The ball python grabs you. The ball python constricts you.
* * * LOW HITPOINT WARNING * * *
You closely miss the quokka. Your bite misses the quokka.
The ball python bites you.
* * * LOW HITPOINT WARNING * * *
The ball python constricts you.
* * * LOW HITPOINT WARNING * * *
The quokka closely misses you.
You closely miss the quokka. The ball python closely misses you.
The ball python constricts you. The quokka closely misses you.
You hit the ball python but do no damage.
The ball python bites you.
* * * LOW HITPOINT WARNING * * *
The ball python constricts you. The quokka closely misses you.
You closely miss the quokka. You punch the quokka.
The quokka is almost dead.
The ball python bites you but does no damage.
The ball python constricts you. The quokka barely misses you.
You closely miss the ball python. The ball python closely misses you.
The ball python constricts you.
The quokka bites you but does no damage.
You closely miss the quokka.
The quokka is almost dead.
The ball python bites you but does no damage.
The ball python constricts you.
You hit the ball python but do no damage.
The quokka bites you.
You die...

.................
........#.####.##
........#.# #.#
.?......#.# #.# #.#
......))#.# #.# #.#
........#.# #.# #.#
........#.# #.# #####.#
.......r#.####.###...>..
......S@#........'......
......########.###......
####.. #.# #...... ...#
#.# ###'#'# .##. #.#
#.#.# # #. #.# #.#.# #.#
#.#.# #.# #...# #..
###.#


You could see a quokka and a ball python.

Vanquished Creatures
  A dart slug (D:1)
  An endoplasm (D:1)
  A giant cockroach (D:1)
  A hobgoblin (D:1)
  A goblin (D:1)
  2 kobolds (D:1)
  A rat (D:1)
8 creatures vanquished.

Notes
Turn   | Place    | Note
-------+----------+-------------------------------------------
     0 | D:1      | Ast3rio the Gnoll Cinder Acolyte began the quest for the
                  | Orb.
     0 | D:1      | Reached XP level 1. HP: 23/23 MP: 4/4
   433 | D:1      | Reached XP level 2. HP: 29/29 MP: 5/5
   459 | D:1      | Slain by a quokka

Illustrated notes

Levels and vault maps discovered:
D:1:      lemuel_arrival_funnel, layout_basic,
          ebering_ecumenical_altar_petrified, minivault_14

Action                   || total
-------------------------++-------
Melee: Short sword       ||    58
       Bite              ||     6
       Punch             ||     1
Armor: Robe              ||     9
Dodge: Dodged            ||    30
